 Dungeon Crawl Stone Soup version 0.20-a0-629-gc37eb77 (webtiles) character file.

405 HallandMoats the Slasher (level 6, -1/50 HPs)
             Began as a Demonspawn Fighter on Feb 11, 2017.
             Killed from afar by an orc wizard (5 damage)
             ... with a magic dart
             ... on level 4 of the Dungeon.
             The game lasted 00:04:12 (2765 turns).

HallandMoats the Slasher (Demonspawn Fighter)       Turns: 2765, Time: 00:04:12

Health: -1/50      AC:  7    Str: 13 (16) XL:     6   Next: 56%
Magic:  6/6        EV:  6    Int:  7 (10) God:
Gold:   95         SH:  8    Dex: 11 (14) Spells: 5/5 levels left

rFire    . . .     SeeInvis .   b - +0 hand axe (flame)
rCold    . . .     Gourm    .   u - +0 scale mail
rNeg     . . .     Faith    .   c - +0 shield
rPois    .         Spirit   .   w - +0 helmet
rElec    .         Reflect  .   (no cloak)
rCorr    .         Harm     .   (no gloves)
MR       .....                  (no boots)
Stlth    +.........             (no amulet)
Regen    0.2/turn               (no ring)
                                m - ring of loudness (curse)

@: no status effects
A: talons 2, nightstalker 2
a: no special abilities


You were on level 4 of the Dungeon.
You were not hungry.

You visited 1 branch of the dungeon, and saw 4 of its levels.

You collected 95 gold pieces.

Inventory:

Hand Weapons
 a - a +0 long sword
 b - a +0 hand axe of flaming (weapon)
Armour
 c - a +0 shield (worn)
 u - a +0 scale mail (worn)
 w - a +0 helmet (worn)
Jewellery
 m - a cursed ring of loudness (left hand)
Scrolls
 e - a scroll of remove curse {unknown}
 h - a scroll of amnesia {unknown}
 i - 2 scrolls of noise {unknown}
 k - 4 scrolls of teleportation {unknown}
 l - a scroll of identify {unknown}
 o - a scroll of enchant armour {unknown}
 r - a scroll of enchant weapon {unknown}
Potions
 d - a potion of might
 g - a potion of invisibility {unknown}
 j - a potion of degeneration
 p - a potion of curing {unknown}
 q - a potion of magic {unknown}
 s - 2 potions of heal wounds {unknown}
 t - a potion of haste {unknown}
 v - a potion of cancellation {unknown}
Comestibles
 f - a bread ration
 n - a meat ration


   Skills:
 + Level 4.8 Fighting
 * Level 5.4 Long Blades
 - Level 2.6 Armour
 - Level 2.6 Shields


You had 5 spell levels left.
You didn't know any spells.

Dungeon Overview and Level Annotations

Branches:
Dungeon (4/15)
 Temple: D:4-7

Altars:
Ashenzari
Vehumet
Xom

Shops:
D:4 :


Innate Abilities, Weirdness & Mutations

You have razor-sharp toenails.
You are significantly more attuned to the shadows.


Message History

You miss something. You claw something. Something hits you.
* * * LOW HITPOINT WARNING * * *
Something hits you but does no damage.
You miss something. You claw something.
Something hits you but does no damage. x2
Wield which item (- for none, * to show all)? (? for menu, Esc to quit)
Okay, then.
Wield which item (- for none, * to show all)? (? for menu, Esc to quit)
Your +0 hand axe of flaming bursts into flame!
b - a +0 hand axe of flaming (weapon)
You hear some strange, mumbled words.
A puff of frost appears from out of thin air!
The puff of frost hits you!
* * * LOW HITPOINT WARNING * * *
It was a potion of degeneration.
There was something very wrong with that liquid.
You feel weakened.
You feel dopey.
You feel clumsy.
You hear some strange, mumbled words.
A magic dart appears from out of thin air!
The magic dart hits you!
You die...

##..# ##.#
####.###♣♣♣
..(.....#P)♣)
#####....PP)♣
#....P.♣♣ .
#...#P♣♣
...#######.###♣♣
#....@{o..##
########...#
#...###
#o....#..
#$.......
#......##
#......#
#......#
#.....##


You could see an orc.

Vanquished Creatures
  A sky beast (D:4)
  3 howler monkeys (D:4)
  An orc wizard (D:4)
  A centaur skeleton (D:3)
  A worker ant (D:4)
  4 adders
  An ooze (D:3)
  An adder skeleton (D:4)
  2 worms (D:3)
  A dart slug (D:3)
  2 leopard geckos (D:1)
  4 orcs (D:3)
  A ball python (D:1)
  6 goblins
  6 hobgoblins
  3 jackals (D:1)
  A quokka (D:4)
  9 bats
  4 frilled lizards
  4 kobolds
  5 rats
61 creatures vanquished.

Vanquished Creatures (others)
  5 toadstools (D:1)
5 creatures vanquished.

Grand Total: 66 creatures vanquished

Notes
Turn   | Place    | Note
-------+----------+-------------------------------------------
     0 | D:1      | HallandMoats the Demonspawn Fighter began the quest for the Orb.
     0 | D:1      | Reached XP level 1. HP: 18/18 MP: 1/1
    37 | D:1      | Reached skill level 2 in Long Blades
    83 | D:1      | Found a shattered altar of Ashenzari.
    89 | D:1      | Gained mutation: You have sharp toenails. [demonic ancestry]
    89 | D:1      | Reached XP level 2. HP: 22/24 MP: 2/2
   721 | D:2      | Reached skill level 3 in Long Blades
   721 | D:2      | Gained mutation: You have razor-sharp toenails. [demonic ancestry]
   721 | D:2      | Reached XP level 3. HP: 16/29 MP: 3/3
   966 | D:2      | Found a shattered altar of Ashenzari.
  1221 | D:2      | Found a radiant altar of Vehumet.
  1603 | D:2      | Found a shimmering altar of Xom.
  1605 | D:2      | Found a stormy altar of Qazlal.
  1605 | D:2      | Found a burning altar of Makhleb.
  1607 | D:2      | Found a sparkling altar of Nemelex Xobeh.
  1607 | D:2      | Found a sacrificial altar of Ru.
  1607 | D:2      | Found a hide-covered altar of Uskayaw.
  1692 | D:3      | Reached XP level 4. HP: 35/37 MP: 4/4
  2309 | D:4      | Found Osiol's Book Shop.
  2310 | D:4      | Noticed a sky beast
  2328 | D:4      | Reached skill level 4 in Long Blades
  2328 | D:4      | Gained mutation: You are slightly more attuned to the shadows. [demonic ancestry]
  2328 | D:4      | Reached XP level 5. HP: 36/42 MP: 5/5
  2335 | D:4      | Killed a sky beast
  2335 | D:4      | Gained mutation: You are significantly more attuned to the shadows. [demonic ancestry]
  2335 | D:4      | Reached XP level 6. HP: 31/49 MP: 6/6
  2377 | D:4      | Reached skill level 5 in Long Blades
  2765 | D:4      | Killed from afar by an orc wizard

Vault maps used:
D:1:      ldierk_walled_garden, solitary_fountain, interstate_on_off,
          serial_bayou_ford_a, evilmike_ruin_ashenzari
D:2:      lemuel_crystal_altar, old_standard_altar, doesnt_xom_only_xom
D:3:      minmay_misc_feat_diagonals
D:4:      serial_shops, shop, first_bread, uniq_crazy_yiuf_cottage

Skill      XL: |  1  2  3  4  5  6 |
---------------+-------------------+-----
Long Blades    | 2 3 4 5 |  5.4
Fighting       | 4 |  4.8
Armour         | |  2.6
Shields        | |  2.6

Action                   |  1- 3 |  4- 6 || total
-------------------------+-------+-------++-------
Melee: Long sword        |   112 |   104 ||   216
       Kick              |    25 |    37 ||    62
  Use: Potion            |       |     2 ||     2
  Eat: Chunk             |     3 |     3 ||     6
Armor: Scale mail        |    65 |    53 ||   118
Dodge: Dodged            |    34 |    26 ||    60
Block: Shield            |    66 |    58 ||   124
       Rpst.: Long sword |    14 |    11 ||    25
